AoeStats
← [R1] RumBa

African Clearing

505254752Analyzed
4v4 RM · 24d ago on Sep 8, 2026· 21m 35s· 8 players
Game mode
Random Map
Map size
Large (8 player)
Population
200
Speed
Normal
Resources
Standard
Victory
Conquest
Starting age
Dark Age
Ending age
Imperial Age
RankedLock teamsTeams togetherTeam positionsShared explorationLock speedFull tech treeHidden civsTurbo modeCheats
Victory
Defeat
🇩🇰 Tupi · Denmark
1956
+13
🇩🇰 Lithuanians · Denmark
1900
+15
🇩🇰 Cumans · Denmark
1727
+22
🇵🇪 Jurchens · Peru
1719
+22
🇪🇸 Ethiopians · Spain
2052
-24
🇪🇸 Goths · Spain
1828
-16
🇪🇸 Georgians · Spain
1819
-16
🇪🇸 Vikings · Spain
1812
-16
noru
5:04 Loom
11:17 Feudal Age
11:44 Double-Bit Axe
14:08 Loom
20:49 Castle Age
22:04 Bow Saw
elbanovic
8:57 Loom
11:17 Feudal Age
11:46 Double-Bit Axe
14:55 Horse Collar
16:25 Wheelbarrow
22:15 Castle Age
21:05 Stone Mining
21:47 Scale Barding Armor
OS+ | Emil :D
11:59 Feudal Age
12:50 Loom
15:38 Castle Age
13:53 Horse Collar
14:03 Double-Bit Axe
18:53 Fletching
21:51 Bodkin Arrow
DK | Good_luck
9:38 Loom
12:08 Feudal Age
20:17 Castle Age
18:51 Horse Collar
19:00 Double-Bit Axe
19:17 Horse Collar
20:23 Light Cavalry
21:09 Scale Barding Armor
Bixiyo
10:45 Loom
12:31 Feudal Age
14:12 Double-Bit Axe
16:36 Castle Age
[R1] RumBa
3:36 Loom
12:38 Feudal Age
18:26 Castle Age
17:25 Double-Bit Axe
17:20 Horse Collar
17:36 Horse Collar
18:59 Town Watch
Moneimon
9:43 Loom
12:30 Feudal Age
12:41 Man-at-Arms
13:11 Double-Bit Axe
13:23 Horse Collar
15:19 Arson
[R1] 12Tirador
3:29 Loom
12:53 Feudal Age
16:39 Castle Age
17:25 Double-Bit Axe
19:31 Bow Saw
19:48 Fletching
Connection lost

Rejoining the realm…

Still unreachable

The connection could not be restored.

Session expired

The server has moved on; the page needs a fresh start.